 Dungeon Crawl Stone Soup version 0.30-a0-509-gd016549fea (webtiles) character file.

Game seed: 7500252856466392649

19 xzight the Firebug (level 2, 0/16 HPs)
             Began as a Deep Elf Fire Elementalist on Dec 22, 2022.
             Slain by a jackal (2 damage)
             ... on level 1 of the Dungeon.
             The game lasted 00:01:11 (585 turns).

xzight the Firebug (Deep Elf Fire Elementalist)      Turns: 585, Time: 00:01:12

Health: 0/16       AC:  2    Str:  5    XL:     2   Next: 55%
Magic:  6/8        EV: 12    Int: 19    God:
Gold:   0          SH:  0    Dex: 15    Spells: 4/7 levels left

rFire   . . .      SeeInvis .    (no weapon)
rCold   . . .      Faith    .    (no shield)
rNeg    . . .      Spirit   .    a - +0 robe
rPois   .          Reflect  .    (no helmet)
rElec   .          Harm     .    (no cloak)
rCorr   .          Rampage  .    (no gloves)
Will    .....                    (no boots)
Stlth   ++........               (no amulet)
HPRegen 0.22/turn                (no ring)
MPRegen 0.11/turn                (no ring)

@: no status effects
A: no striking features
a: no special abilities


You were on level 1 of the Dungeon.
You visited 1 branch of the dungeon, and saw 1 of its levels.


   Skills:
 + Level 0.6 Fighting
 + Level 2.6 Dodging
 - Level 2.4 Stealth
 + Level 3.2 Spellcasting
 + Level 1.5 Conjurations
 * Level 3.6 Fire Magic


You had 4 spell levels left.
You knew the following spells:

 Your Spells              Type           Power      Damage    Failure   Level
a - Foxfire               Conj/Fire      48%        2x1d6     5%          1
b - Scorch                Fire           32%        2d6       4%          2

Your spell library contained the following spells:

 Spells                   Type           Power      Damage    Failure   Level
 Inner Flame              Hex/Fire       10%        N/A       22%         3
 Kindle Blastsparks       Fire/Tloc/Air  14%        2d11      26%         3
 Flame Wave               Conj/Fire      12%        2d6       45%         4

Inventory:

Armour
 a - a +0 robe (worn)
Scrolls
 c - a scroll of fear {unknown}

Dungeon Overview and Level Annotations

Branches:
Dungeon (1/15)

Altars:

Shops:
D:1

: ... #.......# #......
.... ........# #......
#....##..!... #......
..........# #....†. #†#
#...... #(# ###.... #.#
#..... #h# #....# #@#
#....# .######.#### #....#
...........# ####....#
........##.# #.....###
........##'#####.....#
#########.....##.....#
######.'.....##.....#
#......#.....##.....#
######......#.....##.....#


You could see a jackal (combustible).


Message History

You kill the jackal!
The jackal barely misses you. x2
Casting: Scorch (safe; 4% risk of failure)
Confirm with . or Enter, or press ? or * to list all spells.
You don't have enough magic to cast this spell.
Casting: Scorch (safe; 4% risk of failure)
Confirm with . or Enter, or press ? or * to list all spells.
You don't have enough magic to cast this spell.
Casting: Scorch (safe; 4% risk of failure)
Confirm with . or Enter, or press ? or * to list all spells.
You conjure some foxfire!
The jackal bites you but does no damage.
The jackal bites you but does no damage.
The jackal bites you.
* * * LOW HITPOINT WARNING * * *
Your foxfire dissipates!
Your magical contamination has completely faded away.
The jackal attacks as you move away! The jackal bites you.
* * * LOW HITPOINT WARNING * * *
The jackal bites you.
* * * LOW HITPOINT WARNING * * *
Okay, then.
Magic courses through your body. The jackal barely misses you.
Casting: Foxfire (safe; 5% risk of failure)
Confirm with . or Enter, or press ? or * to list all spells.
Flames lash the jackal.
The jackal is almost dead.
The jackal's fire resistance burns away.
The jackal bites you.
You die...

Action                   || total
-------------------------++-------
 Cast: Foxfire           ||    39
       Scorch            ||     2
  Use: Potion            ||     1
Armor: Robe              ||     3
Dodge: Dodged            ||     8

Levels and vault maps discovered:
D:1:      mrwooster_arrival_arrow, layout_basic, serial_shops, shop,
          nicolae_shop_hallway_plus, nicolae_shop_hallway_stairs,
          nicolae_shop_advertising_works [nicolae_subvault_shop_adworks],
          shapermc_ecumenical_altar_mp_ritualfount, minmay_fountain_box,
          kennysheep_nondescript, minmay_lizard_king

Notes
Turn   | Place    | Note
-------+----------+-------------------------------------------
     0 | D:1      | xzight the Deep Elf Fire Elementalist began the quest for
                  | the Orb.
     0 | D:1      | Reached XP level 1. HP: 10/10 MP: 6/6
   143 | D:1      | Found Coud's Book Boutique.
   286 | D:1      | Reached XP level 2. HP: 15/15 MP: 4/8
   289 | D:1      | Learned a level 2 spell: Scorch
   585 | D:1      | Slain by a jackal

Vanquished Creatures
  2 endoplasms (D:1)
  A giant cockroach (D:1)
  3 jackals (D:1)
  2 kobolds (D:1)
  A quokka (D:1)
  A ball python (D:1)
  5 frilled lizards (D:1)
  4 rats (D:1)
19 creatures vanquished.

Vanquished Creatures (collateral kills)
  A foxfire (D:1)
1 creature vanquished.

Vanquished Creatures (others)
  61 foxfires (D:1)
  A plant (D:1)
62 creatures vanquished.

Grand Total: 82 creatures vanquished

Table legend: (Time is in decaauts)
 A = Elapsed time spent in this place.
 B = Non-inter-level travel time spent in this place.
 C = Inter-level travel time spent in this place.
 D = Time resting spent in this place.
 E = Time spent auto-exploring this place.
 F = Levels seen in this place.
 G = Mean time per level.
                   A        B        C        D        E       F      G
               +--------+--------+--------+--------+--------+-----+--------+
         Total |    585 |    585 |      0 |      0 |    466 |   1 |  585.0 |
       Dungeon |    585 |    585 |      0 |      0 |    466 |   1 |  585.0 |
               +--------+--------+--------+--------+--------+-----+--------+

Top non-repeatable levels by time:
     D:1: 585 daAuts

Table legend:
 A = Non-vault XP
 B = Vault XP
 C = Vault XP percentage of total XP
 D = Non-vault monster count
 E = Vault monster count
 F = Vault count percentage of total count
                 A         B        C        D         E       F
            +---------+---------+-------+---------+---------+-------
      Total |      24 |       4 |  14.3 |      15 |       4 |  21.1
            +---------+---------+-------+---------+---------+-------
        D:1 |      24 |       4 |  14.3 |      15 |       4 |  21.1
            +---------+---------+-------+---------+---------+-------
